 Dungeon Crawl Stone Soup version 0.26.1-11-gd32895ea62 (webtiles) character file.

Game seed: 7981820732963910772

102 Zeld the Sneak (level 4, 0/26 (29) HPs)
             Began as an Octopode Brigand on May 14, 2021.
             Slain by a wight
             ... wielding a cursed +0 war axe
              (1 damage)
             ... on level 3 of the Dungeon.
             The game lasted 00:02:36 (2319 turns).

Zeld the Sneak (Octopode Brigand)                   Turns: 2319, Time: 00:02:37

HP:   0/26 (29)     AC:  1    Str: 11    XL:     4   Next: 78%
MP:   7/7           EV: 13    Int: 13    God:
Gold: 177           SH:  0    Dex: 13    Spells: 7/7 levels left

rFire    . . .     SeeInvis .   a - +2 dagger
rCold    . . .     Faith    .   (no shield)
rNeg     . . .     Spirit   .   (helmet restricted)
rPois    .         Reflect  .   (no amulet)
rElec    .         Harm     .   (no ring)
rCorr    .         Rampage  .   (no ring)
Will     .....                  (no ring)
Stlth    ++++......             (no ring)
HPRegen  0.08/turn              (no ring)
MPRegen  0.10/turn              (no ring)
                                (no ring)
                                (no ring)

@: heavily drained
A: almost no armour, stealthy swim, amphibious, 8 rings, constrict 8, camouflage
1, gelatinous body 1
a: no special abilities


You were on level 3 of the Dungeon.
You visited 1 branch of the dungeon, and saw 3 of its levels.

You collected 177 gold pieces.

Inventory:

Hand Weapons
 a - a +2 dagger (weapon)
Missiles
 b - 8 poisoned darts (quivered)
 c - 2 curare-tipped darts
Jewellery
 q - an uncursed amulet of guardian spirit {unknown}
 s - an uncursed ring of positive energy {unknown}
 t - a +4 ring of evasion {unknown}
Wands
 m - a wand of disintegration (7)
Scrolls
 d - 3 scrolls of teleportation {unknown}
 e - 2 scrolls of immolation {unknown}
 g - 3 scrolls of remove curse {unknown}
 h - a scroll of enchant armour {unknown}
 j - a scroll of fog {unknown}
 l - a scroll of enchant weapon {unknown}
 r - 4 scrolls of identify {unknown}
Potions
 f - a potion of flight {unknown}
 i - a potion of brilliance {unknown}
 k - a potion of mutation {unknown}
 n - a potion of haste {unknown}
 o - a potion of cancellation {unknown}
 p - a potion of heal wounds {unknown}
 u - a potion of resistance {unknown}


   Skills:
 - Level 2.0 Fighting
 * Level 4.1 Short Blades
 - Level 2.0 Throwing
 - Level 1.0 Dodging
 - Level 5.3 Stealth
 + Level 2.0 Spellcasting


You had 7 spell levels left.
You didn't know any spells.
Your spell library was empty.

Dungeon Overview and Level Annotations

Branches:
Dungeon (3/15)

Altars:
Ashenzari


Innate Abilities, Weirdness & Mutations

You cannot wear most types of armour.
You are very stealthy in the water. (Stealth+)
You are amphibious.
You can wear up to eight rings at the same time.
You can use your tentacles to constrict eight enemies at once.
Your skin changes colour to match your surroundings (Stealth+).
Your rubbery body absorbs attacks. (AC +1, EV +1)


Message History

You are too injured to fight recklessly!
You are too injured to fight recklessly!
You hit the wight.
The wight is moderately damaged.
You constrict the wight, but do no damage.
The wight hits you with a cursed +0 war axe.
You hit the wight but do no damage. Your squeeze misses the wight.
The wight is moderately damaged.
You constrict the wight, but do no damage.
You barely miss the wight. You squeeze the wight.
The wight is severely damaged.
You constrict the wight, but do no damage.
The wight closely misses you.
You hit the wight but do no damage.
The wight is severely damaged.
You constrict the wight.
The wight hits you with a cursed +0 war axe!
* * * LOW HITPOINT WARNING * * *
You feel drained.
You die...

. ....##.# ..
....... . #..
#..##.# .. #...
#..##.# ...
#....#..##.###....
....z.............
.....z....).......
#S...#..##z###..#
#.z #..##@###..# #
#..##......##.
#.............
#..#.......##.
#.............
.....#.......###...
... .....#.......#
#..# #... ....
#.......###..###...
....
#..................


You could see a wight.

Vanquished Creatures
  A hound (D:2)
  Jessica (D:2)
  An adder (D:2)
  An ooze (D:1)
  3 bats
  3 giant cockroaches
  6 goblins
  5 hobgoblins
  5 kobolds (D:1)
  3 ball pythons
  A frilled lizard (D:1)
  4 rats
34 creatures vanquished.

Notes
Turn   | Place    | Note
-------+----------+-------------------------------------------
     0 | D:1      | Zeld the Octopode Brigand began the quest for the Orb.
     0 | D:1      | Reached XP level 1. HP: 14/14 MP: 1/1
   236 | D:1      | Reached XP level 2. HP: 18/19 MP: 2/2
   615 | D:1      | Reached skill level 1 in Spellcasting
  1067 | D:1      | Reached XP level 3. HP: 24/24 MP: 4/4
  1373 | D:2      | Noticed an ogre
  1481 | D:2      | Found a broken altar of Ashenzari.
  1710 | D:2      | Noticed Jessica
  1717 | D:2      | Killed Jessica
  1718 | D:2      | Reached XP level 4. HP: 29/29 MP: 6/6
  2319 | D:3      | HP: 1/27 [wight/cursed +0 war axe (8)]
  2319 | D:3      | Slain by a wight

Illustrated notes

Levels and vault maps discovered:
D:1:      eino_arrival_water_star, layout_basic, minmay_cupped
D:2:      layout_basic, evilmike_ruin_ashenzari, uniq_jessica
D:3:      layout_basic

Skill      XL: |  1  2  3  4 |
---------------+-------------+-----
Spellcasting   | 1 2 |  2.0
Short Blades   | 3 4 |  4.1
Fighting       | |  2.0
Throwing       | |  2.0
Dodging        | |  1.0
Stealth        | |  5.3

Action                   |  1- 3 |  4- 6 || total
-------------------------+-------+-------++-------
Melee: Dagger            |    53 |    29 ||    82
       Constrict         |    16 |     5 ||    21
       Tentacles         |     8 |     4 ||    12
 Stab: Sleeping          |    10 |     1 ||    11
Armor: Skin              |     3 |     2 ||     5
Dodge: Dodged            |    26 |    14 ||    40
